 Dungeon Crawl Stone Soup version 0.31-a0-426-g3a05650e59 (webtiles) character file.

Game seed: 15203577363311386264

1566 Flugkiller the Fighter (level 8, -15/71 HPs)
             Began as a Barachi Shapeshifter on July 30, 2023.
             Demolished by a cyclops (26 damage)
             ... on level 6 of the Dungeon.
             The game lasted 00:05:14 (5293 turns).

Flugkiller the Fighter (Barachi Shapeshifter)       Turns: 5293, Time: 00:05:15

Health: -15/71     AC: 11    Str: 19    XL:     8   Next: 90%
Magic:  8/8        EV:  6    Int:  8    God:
Gold:   183        SH:  0    Dex: 15    Spells: 7/7 levels left

rFire   . . .        i - +3 quarterstaff of Floods {spect, Dex+2}
rCold   . . .        (shield currently unavailable)
rNeg    . . .        k - +1 plate armour
rPois   .            (helmet currently unavailable)
rElec   .            (cloak currently unavailable)
rCorr   .            (gloves currently unavailable)
SInv    .            (boots currently unavailable)
Will    .....        (no amulet) Stlth
                     (no ring)
HPRegen 0.31/turn    (no ring)
MPRegen 0.11/turn

%: no passive effects
@: about to teleport, beast-form, slow
A: beast (slay +5), amphibious, slowness 1, strong legs 1, +LOS
a: Hop, Begin Untransformation


You were on level 6 of the Dungeon.
You were a hulking beast.
You visited 1 branch of the dungeon, and saw 6 of its levels.

You collected 327 gold pieces.
You spent 144 gold pieces at shops.

Inventory:

Hand Weapons
 i - the +3 quarterstaff of Floods (weapon) {spect, Dex+2}
   (You found it on level 3 of the Dungeon)

   Dex:       It affects your dexterity (+2).
Missiles
 f - a throwing net
 v - 2 curare-tipped darts
Armour
 k - a +1 plate armour (worn)
   (You found it on level 3 of the Dungeon)
Talismans
 c - a beast talisman (active)
 p - a blade talisman
   (You found it on level 3 of the Dungeon)
Wands
 u - a wand of flame (45)
   (You found it on level 4 of the Dungeon)
 w - a wand of iceblast (12)
   (You found it on level 5 of the Dungeon)
 x - a wand of polymorph (6)
   (You took it off a gnoll on level 5 of the Dungeon)
Scrolls
 a - a scroll of fear {unknown}
 e - 2 scrolls of torment
 h - a scroll of enchant armour
 j - 5 scrolls of enchant weapon
 o - a scroll of fog
 s - a scroll of immolation {unknown}
 t - 3 scrolls of teleportation
 y - a scroll of brand weapon {unknown}
 z - a scroll of blinking
Potions
 b - a potion of lignification
 d - 2 potions of mutation
 g - 2 potions of attraction
 l - a potion of berserk rage
 m - a potion of enlightenment {unknown}
 n - 2 potions of resistance
 q - a potion of curing
 r - a potion of brilliance {unknown}
 A - 2 potions of degeneration {unknown}
 B - a potion of invisibility


   Skills:
 + Level 9.0 Fighting
 - Level 2.1 Dodging
 - Level 4.3 Unarmed Combat
 + Level 7.6 Shapeshifting


You had 7 spell levels left.
You didn't know any spells.
Your spell library was empty.

Dungeon Overview and Level Annotations

Branches:
Dungeon (6/15) Zot: 26697
 Temple: D:4-7

Altars:
Dithmenos
Elyvilon
Fedhas
Makhleb
Sif Muna
Trog
Vehumet

Shops:
D:1 *   D:2 [   D:5 =


Innate Abilities, Weirdness & Mutations

You are a hulking beast.
Your limbs bulge with bestial killing power. (Slay +5)
You are amphibious.
You cover ground slowly.
You can hop short distances.
You have an extended range of vision and can be seen from far away.


Message History

You bludgeon the orc!!
You kill the orc!
Items here: ))) †.
The orc wizard hits you with a +0 dagger.
You sock the orc wizard!
The orc wizard is almost dead.
The orc wizard gestures at you while chanting.
You resist with some effort.
You barely miss the orc wizard.
The orc wizard is almost dead.
The orc wizard points at you and mumbles some strange words.
The puff of flame hits you but does no damage.
You hit the orc wizard.
You kill the orc wizard!
The orc closely misses you.
You hit the orc.
The orc is moderately wounded.
The orc barely misses you.
You barely miss the orc.
The orc is moderately wounded.
The orc barely misses you.
You barely miss the orc.
The orc is moderately wounded.
The orc hits you but does no damage. x2
You sock the orc!
You kill the orc!
No target in view!
Items here: )) [[.
You open the door.
Found a club.
You open the door.
There is an open door here.
Found 5 stones.
Found a stone staircase leading up.
You see here a +1 chain mail of poison resistance.
No target in view!
Found 4 stones.
An orc wizard and an orc come into view.
The orc is wielding a +1 vampiric hand axe.
The orc shouts!
The orc wizard moves out of view.
An orc is nearby!
An orc is nearby!
An orc priest comes into view. It is wielding a +0 mace.
The orc priest shouts!
You hear a shout!
You hear an angry hiss.
A phantom comes into view.
A cyclops comes into view.
The orc hits you with a +1 vampiric hand axe.
You thump the orc!
You kill the orc!
An iguana comes into view.
You thump the orc priest!
The orc priest is severely wounded.
The orc priest hits you with a +0 mace.
The orc wizard gestures wildly while chanting.
The orc wizard flickers and vanishes!
Deactivating autopickup; reactivate with Ctrl-A.
You sock the orc priest!
You kill the orc priest!
Something hits you.
The phantom hits you but does no damage.
Something hits you but does no damage.
You bludgeon the phantom!!
The phantom is severely damaged.
An orc priest comes into view. It is wielding a +0 club.
The phantom hits you. Something hits you but does no damage.
You barely miss the phantom.
The phantom is severely damaged.
Something hits you but does no damage.
The phantom hits you but does no damage.
You barely miss the phantom.
The phantom is severely damaged.
Something hits you but does no damage. The phantom barely misses you.
You closely miss the phantom.
The phantom is severely damaged.
Something hits you.
The phantom hits you but does no damage.
Something hits you but does no damage. The phantom barely misses you.
You thump the phantom!
You destroy the phantom!
Something hits you but does no damage.
The cyclops throws a large rock.
The large rock hits you!!
Your Fighting skill increases to level 9!
You hear some strange, mumbled words.
You are confused.
Items here: ( )) [ †.
You barely miss the cyclops.
You hear some strange, mumbled words.
Something tries to affect you, but you resist.
The cyclops hits you!
A magic dart appears from out of thin air!
The magic dart hits you.
You feel better. The cyclops hits you!
As you read the scroll of teleportation, it crumbles to dust.
You feel strangely unstable. The cyclops hits you!
* * * LOW HITPOINT WARNING * * *
Something hits you but does no damage.
You sock the cyclops!
The cyclops is lightly wounded.
Something hits you but does no damage. The cyclops hits you!!
You die...

#####[..........#.
#...............## #
##..........#+#+#
#.#..............
##.#...............
#...................
#..#.#.#......#......
#..#.#.#..#.##.###.##
#. #h#.#..#.# ... ..
#. #C#.#..#.. #. #
#l#.# .# . #o#.# ..#
#.# . #.# .. #.# #.#


You could see a cyclops, an iguana and an orc priest.

Vanquished Creatures
  Menkaure (D:4)
  Edmund (D:5)
  Duvessa (D:5)
  An orc warrior (D:5)
  An ice beast (D:5)
  3 black bears
  2 phantoms
  A scorpion (D:2)
  Dowan (D:5)
  4 hounds
  2 orc priests
  4 iguanas
  2 orc wizards
  3 gnolls (D:5)
  4 adders
  2 shadow imps
  2 white imps (D:5)
  4 dart slugs
  8 orcs
  7 bats
  7 endoplasms
  3 giant cockroaches
  7 goblins
  7 hobgoblins
  3 quokkas
  5 ball pythons
  3 frilled lizards (D:1)
  7 kobolds
  9 rats
105 creatures vanquished.

Vanquished Creatures (others)
  A rat (D:1)
  2 spectral weapons
3 creatures vanquished.

Grand Total: 108 creatures vanquished

Notes
Turn   | Place    | Note
-------+----------+-------------------------------------------
     0 | D:1      | Flugkiller the Barachi Shapeshifter began the quest for the
                  | Orb.
     0 | D:1      | Reached XP level 1. HP: 15/15 MP: 1/1
    48 | D:1      | Found Hebbitza's Assorted Antiques.
   160 | D:1      | Found a faded altar of an unknown god.
   165 | D:1      | Reached XP level 2. HP: 22/22 MP: 2/2
   231 | D:1      | Reached skill level 2 in Fighting
   493 | D:1      | Reached XP level 3. HP: 20/27 MP: 3/3
   627 | D:1      | Bought a scroll labelled JOESOEK CERI for 30 gold pieces
   627 | D:1      | Bought a scroll labelled IGRORGHYSOM for 30 gold pieces
   995 | D:2      | Noticed a scorpion
  1002 | D:2      | Killed a scorpion
  1003 | D:2      | Reached skill level 3 in Fighting
  1003 | D:2      | Reached XP level 4. HP: 35/35 MP: 4/4
  1095 | D:2      | Found Xionot's Antique Armour Shop.
  1437 | D:1      | Bought a scroll labelled ROPTIXZ XOYCK for 30 gold pieces
  1437 | D:1      | Bought a clear potion for 27 gold pieces
  1545 | D:3      | Identified the +3 quarterstaff of Floods {spect, Dex+2}
  1604 | D:3      | Reached XP level 5. HP: 40/41 MP: 5/5
  2373 | D:4      | Reached skill level 4 in Fighting
  2519 | D:4      | Reached XP level 6. HP: 45/49 MP: 6/6
  2587 | D:4      | Noticed Menkaure
  2592 | D:4      | Killed Menkaure
  2593 | D:4      | Reached skill level 5 in Fighting
  2593 | D:4      | Reached skill level 5 in Shapeshifting
  3441 | D:5      | Entered Level 5 of the Dungeon
  3448 | D:5      | Noticed Edmund
  3456 | D:5      | Killed Edmund
  3457 | D:5      | Reached XP level 7. HP: 46/57 MP: 7/7
  3607 | D:5      | Reached skill level 6 in Fighting
  4134 | D:5      | Found Sodeoqoe's Jewellery Emporium.
  4168 | D:5      | Reached skill level 7 in Fighting
  4201 | D:5      | Reached XP level 8. HP: 62/67 MP: 8/8
  4489 | D:5      | Found a white marble altar of Elyvilon.
  4499 | D:5      | Found a shimmering blue altar of Sif Muna.
  4500 | D:5      | Found a bloodstained altar of Trog.
  4500 | D:5      | Found a burning altar of Makhleb.
  4502 | D:5      | Found a blossoming altar of Fedhas.
  4503 | D:5      | Found a radiant altar of Vehumet.
  4505 | D:5      | Found a shadowy altar of Dithmenos.
  4533 | D:5      | Noticed Duvessa
  4533 | D:5      | Noticed Dowan
  4545 | D:5      | Killed Duvessa
  4546 | D:5      | Reached skill level 8 in Fighting
  4552 | D:5      | Killed Dowan
  4911 | D:1      | Bought a golden potion for 27 gold pieces
  5280 | D:6      | Noticed a cyclops
  5289 | D:6      | Reached skill level 9 in Fighting
  5293 | D:6      | Demolished by a cyclops

Illustrated notes

Levels and vault maps discovered:
D:1:      dpeg_arrival_concentric_ovals, layout_rooms,
          ebering_ecumenical_altar_hall, serial_shops,
          nicolae_shop_just_a_little_nook, kennysheep_minor_cross,
          wander_ebering_terrifying_dragon_lair
D:2:      layout_basic, serial_shops, shop
D:3:      layout_basic
D:4:      layout_layer_cave, kennysheep_generic_room_9, uniq_menkaure
D:5:      layout_loops_ring, minitemple, serial_shops, shop,
          nicolae_nh_ransacked_shop, uniq_edmund, uniq_duvessa
D:6:      layout_basic, grunt_ministairs_1,
          nicolae_concentric_dashed_squares_wild, hangedman_decor_slide_cut

Skill      XL: |  1  2  3  4  5  6  7  8 |
---------------+-------------------------+-----
Fighting       | 2 3 4 5 7 9 |  9.0
Unarmed Combat | 4 |  4.3
Shapeshifting  | 4 5 6 7 |  7.6
Dodging        | |  2.1

Action                     |  1- 3 |  4- 6 |  7- 9 || total
---------------------------+-------+-------+-------++-------
  Melee: Unarmed           |    85 |     4 |    10 ||    99
         Quarterstaff      |       |    62 |    82 ||   144
    Use: Scroll            |     3 |     4 |     6 ||    13
         Potion            |     1 |       |     2 ||     3
   Stab: Confused          |       |       |     1 ||     1
         Distracted        |       |       |     1 ||     1
 Armour: Animal skin       |    15 |     2 |       ||    17
         Skin              |     2 |       |       ||     2
         Plate armour      |       |    39 |    51 ||    90
  Dodge: Dodged            |    58 |    33 |    45 ||   136

Table legend: (Time is in decaauts)
 A = Elapsed time spent in this place.
 B = Non-inter-level travel time spent in this place.
 C = Inter-level travel time spent in this place.
 D = Time resting spent in this place.
 E = Time spent auto-exploring this place.
 F = Levels seen in this place.
 G = Mean time per level.
                   A        B        C        D        E       F      G
               +--------+--------+--------+--------+--------+-----+--------+
         Total |   6170 |   5487 |    683 |    681 |   3972 |   6 | 1028.3 |
       Dungeon |   6170 |   5487 |    683 |    681 |   3972 |   6 | 1028.3 |
               +--------+--------+--------+--------+--------+-----+--------+

Top non-repeatable levels by time:
     D:5: 1517 daAuts
     D:4: 1430 daAuts
     D:3: 1107 daAuts
     D:2: 967 daAuts
     D:1: 846 daAuts
     D:6: 301 daAuts
